Map: Ruins of Endion

Players

blackxored

  • Race: Zerg Zerg
  • League: Platinum

Jazz - Winner!

  • Race: Protoss Protoss
  • League: Platinum

VOD

Have the link to the VOD?

Description

Time

  • Played on: June 26, 2016, 9:19 p.m.
  • Length: 14:40
Show
View Real Time Build Order
Export as new Build Order

blackxored Zerg 

Build Orders: Pool First, Muta Ling Bane 

Get SALT Encoding   

  12  0:01  Drone  
  13  0:09  Drone  
  14  0:21  Overlord  
  14  0:24  Extractor  
  14  0:25  Drone  
  15  0:40  Drone x2  
  17  0:49  Spawning Pool  
  16  0:52  Drone  
  17  1:02  Drone  
  18  1:13  Hatchery  
  18  1:17  Drone  
  18  1:20  Extractor  
  18  1:23  Drone  
  18  1:29  Drone  
  19  1:40  Overlord  
  19  1:50  Zergling x2  
  19  1:51  Queen  
  22  2:00  Zergling x2  
  23  2:12  Zergling x2  
  24  2:28  Drone  
  25  2:31  Queen  
  27  2:38  Drone x3  
  31  2:44  Drone, Hatchery  
  31  2:51  Drone  
  31  2:52  Metabolic Boost  
  31  2:57  Drone  
  32  3:00  Overlord  
  30  3:32  Drone x6  
  36  3:34  Queen  
  36  3:39  Drone  
  39  3:46  Pneumatized Carapace  
  39  3:49  Drone x2  
  41  4:00  Queen  
  43  4:11  Lair  
  43  4:13  Drone  
  44  4:17  Drone x3  
  44  4:18  Drone x2  
  49  4:24  Overlord x3  
  49  4:28  Extractor, Drone  
  49  4:31  Extractor  
  49  4:32  Drone  
  49  4:33  Extractor, Drone  
  49  4:42  Queen  
  49  4:44  Spore Crawler, Drone  
  50  4:58  Drone x3  
  53  5:13  Spore Crawler  
  52  5:15  Drone x2  
  52  5:17  Spire  
  52  5:20  Drone x4  
  57  5:22  Drone x2  
  57  5:26  Drone x5  
  64  5:40  Drone  
  64  5:41  Drone x2  
  67  5:47  Overlord x3  
  67  5:50  Drone x2  
  67  5:51  Evolution Chamber  
  67  5:52  Baneling Nest  
  65  5:57  Zergling x6  
  65  5:58  Zergling x4  
  65  6:01  Spore Crawler  
  67  6:06  Drone x5  
  71  6:22  Drone x4  
  71  6:23  Drone x3  
  78  6:29  Zerg Melee Weapons Level 1  
  78  6:31  Zerg Flyer Weapons Level 1  
  78  6:33  Drone x8  
  78  6:35  Extractor  
  78  6:38  Extractor  
  84  6:47  Baneling  
  84  6:48  Baneling x3  
  84  6:50  Overseer  
  84  7:02  Drone  
  84  7:06  Centrifical Hooks  
  84  7:08  Zergling x8  
  86  7:10  Overlord x4  
  89  7:15  Baneling  
  89  7:16  Baneling x3  
  89  7:38  Hydralisk Den  
  86  7:54  Spore Crawler  
  85  8:12  Overlord  
  85  8:20  Mutalisk x10  
  85  8:21  Mutalisk x4  
  113  8:53  Mutalisk x4  
  119  9:05  Mutalisk  
  121  9:15  Muscular Augments  
  121  9:16  Overlord x5  
  119  9:40  Mutalisk x5  
  119  9:41  Mutalisk  
  131  9:51  Infestation Pit  
  130  10:02  Corruptor x2  
  130  10:03  Corruptor  
  136  10:09  Hatchery  
  133  10:28  Hive, Corruptor x2  
  133  10:29  Corruptor  
  139  10:36  Zergling x2  
  139  10:37  Zergling x10  
  139  10:40  Overlord  
  139  10:41  Overlord x4  
  145  10:43  Zerg Melee Weapons Level 2, Evolution Chamber  
  144  11:06  Drone x13  
  123  11:49  Zergling x6  
  123  11:50  Zergling x36  
  138  12:04  Zerg Ground Armor Level 1  
  138  12:07  Adrenal Glands  
  136  12:18  Mutalisk x3  
  136  12:19  Mutalisk x7  
  136  12:20  Mutalisk x2  
  145  12:39  Mutalisk x2  
  145  12:40  Mutalisk x2  
  147  12:50  Hydralisk x4  
  135  12:58  Baneling  
  135  12:59  Baneling x3  
  135  13:05  Hydralisk x3  
  125  13:08  Zergling x10  
  125  13:09  Zergling x6  
  139  13:13  Baneling  
  139  13:14  Baneling x4  
  139  13:15  Baneling  
  139  13:17  Baneling  
  139  13:30  Hydralisk x4  
  139  13:31  Hydralisk  
  147  13:41  Hydralisk  
  147  13:42  Hydralisk x2  
  153  13:48  Extractor  
  153  13:50  Extractor  
  153  13:53  Zergling x18  
  153  13:54  Zergling x2  
  161  14:04  Baneling x6  
  153  14:12  Baneling  
  153  14:13  Baneling x4  
  153  14:14  Baneling  
  153  14:16  Baneling  
Show
View Real Time Build Order
Export as new Build Order

Jazz Protoss - Winner!

Build Orders: 1 Gate Expand, Phoenix Opening 

Get SALT Encoding   

  12  0:01  Probe (Chrono Boost)  
  13  0:17  Pylon  
  13  0:19  Probe (Chrono Boost)  
  14  0:29  Probe (Chrono Boost)  
  15  0:40  Probe (Chrono Boost)  
  16  0:46  Gateway  
  16  0:50  Probe (Chrono Boost)  
  16  0:51  Assimilator  
  17  1:01  Probe (Chrono Boost)  
  18  1:11  Probe (Chrono Boost)  
  19  1:25  Nexus  
  19  1:35  Cybernetics Core  
  19  1:44  Pylon  
  19  1:46  Probe (Chrono Boost)  
  20  1:53  Assimilator  
  20  1:56  Probe (Chrono Boost)  
  21  2:07  Probe (Chrono Boost)  
  22  2:12  Adept, Warp Gate  
  24  2:17  Probe (Chrono Boost)  
  25  2:28  Probe (Chrono Boost)  
  26  2:30  Stargate  
  26  2:38  Probe (Chrono Boost)  
  26  2:42  Probe (Chrono Boost)  
  28  2:49  Probe (Chrono Boost)  
  29  2:53  Mothership Core (Chrono Boost)  
  31  2:59  Adept, Probe (Chrono Boost)  
  34  3:10  Probe (Chrono Boost)  
  34  3:12  Probe (Chrono Boost)  
  36  3:20  Probe (Chrono Boost)  
  36  3:21  Probe (Chrono Boost)  
  36  3:25  Phoenix (Chrono Boost)  
  36  3:26  Adept  
  42  3:30  Pylon  
  42  3:31  Probe x2  
  44  3:37  Pylon  
  44  3:41  Probe  
  44  3:44  Probe  
  48  3:48  Phoenix (Chrono Boost)  
  48  3:52  Probe  
  51  3:55  Adept  
  51  3:56  Probe  
  52  4:02  Probe  
  52  4:08  Probe  
  56  4:10  Phoenix (Chrono Boost)  
  56  4:11  Pylon  
  56  4:13  Probe  
  57  4:20  Probe  
  58  4:25  Nexus  
  58  4:30  Probe  
  58  4:32  Probe, Phoenix (Chrono Boost)  
  62  4:41  Probe  
  62  4:43  Pylon  
  62  4:44  Sentry  
  65  4:47  Probe  
  65  4:51  Probe  
  66  4:57  Assimilator  
  66  4:59  Probe  
  68  5:01  Assimilator  
  68  5:02  Probe  
  68  5:07  Pylon  
  69  5:11  Adept, Probe  
  69  5:12  Probe  
  73  5:18  Gateway  
  73  5:20  Gateway  
  73  5:21  Gateway  
  73  5:23  Probe  
  74  5:32  Twilight Council  
  74  5:35  Robotics Facility, Forge  
  74  5:38  Pylon, Probe  
  74  5:40  Probe  
  76  5:48  Probe, Assimilator  
  76  5:50  Assimilator  
  76  5:53  Pylon  
  77  5:58  Pylon  
  77  6:00  Probe  
  77  6:02  Probe  
  79  6:09  Probe  
  80  6:12  Adept  
  80  6:14  Probe  
  83  6:18  Probe  
  83  6:20  Resonating Glaives (Chrono Boost)  
  83  6:21  Phoenix (Chrono Boost)  
  83  6:22  Protoss Ground Weapons Level 1  
  83  6:24  Immortal (Chrono Boost)  
  88  6:26  Probe  
  88  6:29  Probe  
  90  6:33  Adept x4, Probe  
  90  6:38  Probe  
  100  6:42  Gateway  
  100  6:45  Gateway, Probe  
  101  6:47  Gateway  
  101  6:50  Probe  
  102  6:56  Probe  
  102  6:59  Adept x4, Observer (Chrono Boost)  
  102  7:00  Probe  
  112  7:03  Probe  
  112  7:07  Probe  
  115  7:15  Pylon  
  115  7:16  Pylon  
  115  7:17  Probe  
  115  7:18  Pylon  
  115  7:20  Adept x3  
  115  7:21  Photon Cannon x2  
  122  7:23  Probe  
  124  7:30  Probe  
  124  7:37  Probe  
  124  7:42  Immortal (Chrono Boost)  
  129  7:49  Charge  
  129  7:50  Forge  
  129  7:51  Gateway  
  129  7:54  Gateway  
  129  7:55  Gateway  
  129  8:03  Probe  
  130  8:08  Zealot x2  
  130  8:09  Pylon, Zealot  
  130  8:10  Zealot  
  130  8:11  Pylon  
  138  8:14  Pylon  
  138  8:16  Pylon  
  138  8:22  Immortal (Chrono Boost)  
  138  8:24  Protoss Ground Armor Level 1, Protoss Ground Weapons Level 2  
  138  8:27  Zealot x3  
  148  8:39  Stargate, Zealot  
  148  8:40  Zealot x3  
  156  8:58  Fleet Beacon  
  156  9:02  Photon Cannon  
  142  9:03  Photon Cannon  
  142  9:06  Photon Cannon  
  142  9:07  Pylon x2  
  142  9:09  Photon Cannon  
  142  9:10  Pylon  
  142  9:11  Phoenix (Chrono Boost)  
  144  9:17  Protoss Air Weapons Level 1  
  144  9:21  Stalker x2  
  144  9:22  Stalker  
  150  9:24  Probe x2  
  146  9:45  Phoenix (Chrono Boost)  
  150  9:47  Phoenix (Chrono Boost)  
  150  9:49  Probe x2  
  152  9:55  Photon Cannon  
  152  10:03  Phoenix (Chrono Boost)  
  152  10:04  Anion Pulse-Crystals (Chrono Boost)  
  152  10:06  Phoenix  
  148  10:19  Probe  
  149  10:24  Templar Archives  
  149  10:25  Protoss Ground Armor Level 2, Phoenix  
  149  10:28  Phoenix  
  149  10:31  Probe x3  
  156  10:43  Probe x2  
  156  10:44  Probe  
  156  10:47  Phoenix  
  156  10:49  Phoenix  
  159  10:55  Probe x2  
  159  10:56  Probe  
  166  11:09  Phoenix  
  166  11:14  Protoss Ground Weapons Level 3  
  166  11:16  Nexus  
  168  11:19  Pylon  
  154  11:46  Phoenix x2  
  158  12:08  Phoenix x2  
  158  12:09  Stalker x6  
  158  12:10  Stalker  
  158  12:12  Probe x3  
  179  12:32  High Templar x2  
  179  12:33  High Templar x4  
  179  12:34  High Templar x3  
  197  12:39  Archon x3  
  197  12:40  Archon  
  197  12:47  Pylon  
  197  12:50  Pylon  
  197  12:51  Assimilator  
  197  12:52  Pylon  
  197  12:56  Assimilator  
  197  13:08  Pylon  
  197  13:14  Zealot  
  197  13:17  Observer  
  200  13:38  Probe  
  200  13:39  Probe x3  
  195  13:44  Photon Cannon  
  195  13:46  Photon Cannon  
  195  13:48  Photon Cannon  
  195  13:49  Photon Cannon  
  195  13:53  Photon Cannon  
  190  14:12  Probe  
  190  14:13  Probe x2  
  190  14:14  Probe  
Tags
 
Add a new tag
Caveats
  • Supply blocks, unpowered buildings, or Contaminate may cause inaccurate times.
  • Supply counts are checked every 10 seconds.